 Dungeon Crawl Stone Soup version 0.25.1-2-g60ff931df9 (webtiles) character file.

Game seed: 2695154845536483790

43 lonewolf22212 the Ruffian (level 3, 0/28 HPs)
             Began as a Draconian Transmuter on Oct 11, 2020.
             Slain by an adder (5 damage)
             ... on level 2 of the Dungeon.
             The game lasted 00:11:20 (1954 turns).

lonewolf22212 the Ruffian (Draconian Transmuter)    Turns: 1954, Time: 00:11:21

Health: 0/28       AC:  5    Str: 13    XL:     3   Next: 37%
Magic:  6/6        EV: 11    Int: 13    God:
Gold:   26         SH:  3    Dex: 11    Spells: 0/6 levels left

rFire    . . .     SeeInvis .   f - +0 spear
rCold    . . .     Gourm    .   b - +0 buckler
rNeg     . . .     Faith    .   (armour unavailable)
rPois    .         Spirit   .   (helmet restricted)
rElec    .         Reflect  .   (no cloak)
rCorr    .         Harm     .   (no gloves)
MR       .....                  (no boots)
Stlth    +.........             h - amulet of magic regeneration
HPRegen  0.09/turn              (no ring)
MPRegen  0.35/turn              (no ring)

@: lethally poisoned (0 -> -5), very slightly contaminated
A: unfitting armour, cold-blooded, AC +5
a: no special abilities


You were on level 2 of the Dungeon.
You were not hungry.

You visited 1 branch of the dungeon, and saw 2 of its levels.

You collected 26 gold pieces.

Inventory:

Hand Weapons
 f - a +0 spear (weapon)
Missiles
 d - 14 poisoned darts (quivered)
Armour
 b - a +0 buckler (worn)
Jewellery
 h - an amulet of magic regeneration (around neck)
Scrolls
 a - a scroll of noise {unknown}
 g - a scroll of identify {unknown}
 i - 2 scrolls of teleportation {unknown}
Potions
 e - a potion of lignification {unknown}
 j - 2 potions of heal wounds {unknown}
 k - a potion of might {unknown}
Comestibles
 c - 2 rations
 l - 3 chunks of flesh


   Skills:
 + Level 1.1 Fighting
 + Level 1.0 Polearms
 + Level 2.1 Dodging
 + Level 0.1 Stealth
 + Level 3.4 Unarmed Combat
 + Level 2.2 Spellcasting
 + Level 2.5 Transmutations


You couldn't memorise any spells.
You knew the following spells:

 Your Spells              Type           Power        Failure   Level  Hunger
a - Beastly Appendage     Tmut           #.....       14%         1    ##.....
b - Sticks to Snakes      Tmut           #.......     22%         2    ###....
c - Spider Form           Tmut/Pois      #.........   58%         3    ####...

Your spell library contained the following spells:

 Spells                   Type           Power        Failure   Level  Hunger
 Ice Form                 Ice/Tmut       #.......     94%         4    #####..
 Blade Hands              Tmut           #.........   99%         5    ######.


Dungeon Overview and Level Annotations

Branches:
Dungeon (2/15)

Altars:


Innate Abilities, Weirdness & Mutations

Your plain brown scales are hard. (AC +5)
You cannot fit into any form of body armour.
You are cold-blooded and may be slowed by cold attacks.


Message History

You closely miss the adder.
The adder is heavily wounded.
You feel sick. The adder barely misses you.
You closely miss the adder.
The adder is heavily wounded.
* * * LOW HITPOINT WARNING * * *
You feel sick. You block the adder's attack.
You hit the adder.
The adder is heavily wounded.
The adder barely misses you. The adder completely misses you.
You barely miss the adder.
The adder is heavily wounded.
* * * LOW HITPOINT WARNING * * *
You feel sick. The adder bites you.
* * * LOW HITPOINT WARNING * * *
Your shield prevents you from hitting the adder.
The adder is heavily wounded.
* * * LOW HITPOINT WARNING * * *
You feel sick. The adder bites you.
You die...

#################
................##
.................#
###############..# .....
#..# ##### ## #S@# .....
...........>....#
.######.#####....#.###.#
.....(..# #....#.#
......##.. #....# #
.......+ .....# ......##
.##...# ......# .. #...#
......#


You could see an adder.

Vanquished Creatures
  A dart slug (D:1)
  2 leopard geckos (D:2)
  4 bats (D:1)
  2 giant cockroaches
  6 goblins
  4 hobgoblins
  4 jackals (D:1)
  2 ball pythons
  2 frilled lizards
  A kobold (D:1)
  8 rats
36 creatures vanquished.

Vanquished Creatures (collateral kills)
  A goblin (D:1)
1 creature vanquished.

Grand Total: 37 creatures vanquished

Notes
Turn   | Place    | Note
-------+----------+-------------------------------------------
     0 | D:1      | lonewolf22212 the Draconian Transmuter began the quest for
                  | the Orb.
     0 | D:1      | Reached XP level 1. HP: 16/16 MP: 3/3
   307 | D:1      | Reached XP level 2. HP: 19/23 MP: 5/5
   314 | D:1      | Learned a level 2 spell: Sticks to Snakes
  1074 | D:1      | Reached XP level 3. HP: 28/28 MP: 6/6
  1280 | D:1      | Learned a level 3 spell: Spider Form
  1574 | D:2      | Reached skill level 1 in Polearms
  1954 | D:2      | Slain by an adder

Illustrated notes

Levels and vault maps discovered:
D:1:      dpeg_arrival_boxorama, layout_basic, minmay_crystal_water,
          minmay_misc_feat_pillars, chequers_serial_rivers_small_3, minivault_24
D:2:      layout_basic

Skill      XL: |  1  2  3 |
---------------+----------+-----
Dodging        | 2 |  2.1
Polearms       | 1 |  1.0
Fighting       | |  1.1
Stealth        | |  0.1
Unarmed Combat | |  3.4
Spellcasting   | |  2.2
Transmutations | |  2.5

Action                   || total
-------------------------++-------
Melee: Unarmed           ||    31
       Spear             ||    90
       Tailslap          ||    10
       Punch             ||     1
 Cast: Sticks to Snakes  ||    12
       Spider Form       ||     7
 Stab: Sleeping          ||     1
  Eat: Chunk             ||     6
Armor: Skin              ||    52
Dodge: Dodged            ||    89
Block: Buckler           ||     7
